 Dungeon Crawl Stone Soup version 0.29-a0-322-g68df515 (webtiles) character file.

Game seed: 9749911457919255516

0 Toastz the Grasshopper (level 1, 20/20 HPs)
             Began as a Gnoll Warper on Apr 7, 2022.
             Quit the game on level 1 of the Dungeon.
             The game lasted 00:00:32 (56 turns).

Toastz the Grasshopper (Gnoll Warper)                 Turns: 56, Time: 00:00:33

Health: 20/20      AC:  3    Str: 10    XL:     1   Next: 10%
Magic:  6/6        EV: 12    Int: 12    God:
Gold:   11         SH:  0    Dex: 11    Spells: 9/9 levels left

rFire   . . .      SeeInvis .   a - +0 spear
rCold   . . .      Faith    .   (no shield)
rNeg    . . .      Spirit   .   b - +0 leather armour
rPois   .          Reflect  .   (no helmet)
rElec   .          Harm     .   (no cloak)
rCorr   .          Rampage  .   (no gloves)
Will    .....                   (no boots)
Stlth   +.........              (no amulet)
HPRegen 0.06/turn               (no ring)
MPRegen 0.10/turn               (no ring)

@: no status effects
A: fangs 1, strong nose, distributed training
a: no special abilities


You were on level 1 of the Dungeon.
You visited 1 branch of the dungeon, and saw 1 of its levels.

You collected 11 gold pieces.

Inventory:

Hand Weapons
 a - a +0 spear (weapon)
Missiles
 d - 7 boomerangs of dispersal (quivered)
 e - 24 stones
Armour
 b - a +0 leather armour (worn)
Scrolls
 c - a scroll of blinking
 g - a scroll of identify {unknown}
Potions
 f - a potion of degeneration {unknown}


   Skills:
 + Level 4.4 Fighting
 + Level 0.0 Short Blades
 + Level 0.0 Long Blades
 + Level 0.0 Axes
 + Level 0.0 Maces & Flails
 + Level 4.4 Polearms
 + Level 0.0 Staves
 + Level 0.0 Slings
 + Level 0.0 Bows
 + Level 0.0 Crossbows
 + Level 2.3 Throwing
 + Level 2.3 Armour
 + Level 4.4 Dodging
 + Level 0.0 Stealth
 + Level 0.0 Shields
 + Level 0.0 Unarmed Combat
 + Level 4.8 Spellcasting
 + Level 0.0 Conjurations
 + Level 0.0 Hexes
 + Level 0.0 Summonings
 + Level 0.0 Necromancy
 + Level 5.3 Translocations
 + Level 0.0 Transmutations
 + Level 0.0 Fire Magic
 + Level 0.0 Ice Magic
 + Level 0.0 Air Magic
 + Level 0.0 Earth Magic
 + Level 0.0 Poison Magic
 + Level 0.0 Invocations
 + Level 0.0 Evocations


You had 9 spell levels left.
You didn't know any spells.
Your spell library contained the following spells:

 Spells                   Type           Power      Damage    Failure   Level
 Blink                    Tloc           30%        N/A       4%          2
 Gell's Gravitas          Tloc           15%        N/A       9%          3
 Lesser Beckoning         Tloc           15%        N/A       9%          3
 Teleport Other           Tloc           15%        N/A       9%          3
 Manifold Assault         Tloc           15%        N/A       63%         5


Dungeon Overview and Level Annotations

Branches:
Dungeon (1/15)

Altars:


Innate Abilities, Weirdness & Mutations

You have very sharp teeth.
Your uncanny sense of smell can sniff out nearby items.
Your experience applies equally to all skills.


Message History

Welcome, Toastz the Gnoll Warper.
The transcendent Orb of Zot lies far below, as if waiting for you to find it.
Press ? for a list of commands and other information.
Found a scroll labelled GENIZO PEOSS and 24 stones.
Found a staircase leading out of the dungeon.
You see here 24 stones.
e - 24 stones You open the gate.
There is an open gate here.
You now have 11 gold pieces.
You open the huge gate.
There is a huge open gate here.
f - a silvery potion A rat comes into view.
A rat is nearby!
You reach to attack!
You hit the rat.
The rat is moderately wounded.
You reach to attack!
You hit the rat.
You kill the rat!
g - a scroll labelled GENIZO PEOSS Are you sure you want to abandon this character and quit the game? (Confirm with "yes".)

...........#
#..........####
+.............. ##.
#............ ∆..
#......†...#### #.
#....#........
#.#####..#.#########
#...................
#.........@.........
##..################
#..#§≈≈≈§§≈<≈≈§§§≈≈
#..#≈≈≈§≈≈≈.≈§§≈≈≈≈
#..#≈≈≈≈≈≈...§≈§§§≈
#..#≈≈≈.........≈≈§
#..#≈≈...........≈≈
#..#≈.............≈
#..###..8.###.8..##


There were no monsters in sight!

Vanquished Creatures
  A rat (D:1)
1 creature vanquished.

Notes
Turn   | Place    | Note
-------+----------+-------------------------------------------
     0 | D:1      | Toastz the Gnoll Warper began the quest for the Orb.
     0 | D:1      | Reached XP level 1. HP: 20/20 MP: 6/6
    56 | D:1      | Quit the game

Illustrated notes

Levels and vault maps discovered:
D:1:      lordsloth_arrival_two_stooges, layout_basic,
          hellmonk_ecumenical_altar_arch_garden, nicolae_grassy_gnolls

Action                   || total
-------------------------++-------
Melee: Spear             ||     2

Table legend: (Time is in decaauts)
 A = Elapsed time spent in this place.
 B = Non-inter-level travel time spent in this place.
 C = Inter-level travel time spent in this place.
 D = Time resting spent in this place.
 E = Time spent auto-exploring this place.
 F = Levels seen in this place.
 G = Mean time per level.
                   A        B        C        D        E       F      G
               +--------+--------+--------+--------+--------+-----+--------+
         Total |     55 |     52 |      3 |      0 |     41 |   1 |   55.0 |
       Dungeon |     55 |     52 |      3 |      0 |     41 |   1 |   55.0 |
               +--------+--------+--------+--------+--------+-----+--------+

Top non-repeatable levels by time:
     D:1: 55 daAuts
